 Dungeon Crawl Stone Soup version 0.29-a0-271-gd4eb659eea (webtiles) character file.

Game seed: 15357869474481766990

3675 kae the Covert (level 9, -2/45 HPs)
             Began as a Spriggan Enchanter on Mar 8, 2022.
             Was a Believer of Dithmenos.
             Slain by Gastronok (26 damage)
             ... on level 8 of the Dungeon.
             The game lasted 00:05:52 (9235 turns).

kae the Covert (Spriggan Enchanter)                 Turns: 9235, Time: 00:05:53

Health: -2/45      AC:  9    Str:  6    XL:     9   Next: 89%
Magic:  14/19      EV: 21    Int: 18    God:    Dithmenos [**....]
Gold:   332        SH:  0    Dex: 16    Spells: 13/21 levels left

rFire   . . .      SeeInvis +   n - +1 dagger (venom)
rCold   . . .      Faith    .   (no shield)
rNeg    . . .      Spirit   .   w - +1 steam dragon scales
rPois   +          Reflect  .   (helmet restricted)
rElec   .          Harm     .   y - +2 cloak {rCorr}
rCorr   +          Rampage  .   (gloves unavailable)
Will    +....                   (boots unavailable)
Stlth   +++++.....              (no amulet)
HPRegen 0.15/turn               b - ring of poison resistance
MPRegen 0.16/turn               f - +4 ring of slaying

@: confusing by touch, very slightly contaminated, wreathed by umbra, studying
Necromancy, very quick
A: very small, no large weapons, unfitting armour, see invisible, speed 3
a: Renounce Religion, Shadow Step


You were on level 8 of the Dungeon.
You worshipped Dithmenos.
Dithmenos was pleased with you.
You visited 2 branches of the dungeon, and saw 9 of its levels.

You collected 360 gold pieces.
You spent 28 gold pieces at shops.

Inventory:

Hand Weapons
 a - a +1 dagger
 n - a +1 dagger of venom (weapon)
Missiles
 s - a throwing net (quivered)
Armour
 w - +1 steam dragon scales (worn)
 y - a +2 cloak of preservation (worn)
Jewellery
 b - a ring of poison resistance (left hand)
 d - a ring of positive energy
 f - a +4 ring of slaying (right hand)
 i - a ring of willpower
 r - a +6 ring of strength
 z - a +4 ring of protection
Wands
 m - a wand of mindburst (42)
 o - a wand of polymorph (11)
 p - a wand of flame (22)
 A - a wand of paralysis (8)
Scrolls
 e - 2 scrolls of fog
 h - 3 scrolls of magic mapping
 t - 6 scrolls of identify
 u - 2 scrolls of blinking
 v - a scroll of teleportation
 x - a scroll of holy word
Potions
 c - 3 potions of invisibility
 g - 3 potions of cancellation
 j - 3 potions of magic
 k - 4 potions of heal wounds
 l - 5 potions of curing


   Skills:
 + Level 4.0 Fighting
 * Level 8.2 Short Blades
 + Level 7.2 Dodging
 + Level 9.2 Stealth
 + Level 6.5 Spellcasting
 + Level 7.2 Hexes
 + Level 3.6 Invocations


You had 13 spell levels left.
You knew the following spells:

 Your Spells              Type           Power      Damage    Failure   Level
a - Ensorcelled Hibernat  Hex/Ice        36%        N/A       3%          2
b - Confusing Touch       Hex            31%        N/A       1%          3
c - Tukima's Dance        Hex            31%        N/A       1%          3

Your spell library contained the following spells:

 Spells                   Type           Power      Damage    Failure   Level
 Dazzling Flash           Conj/Hex       36%        N/A       8%          3
 Freeze                   Ice            20%        1d4       12%         1
 Sandblast                Erth           10%        2d5       12%         1
 Sting                    Tmut/Pois      20%        1d4       12%         1
 Corpse Rot               Necr/Air       10%        N/A       17%         2
 Passwall                 Tmut/Erth      4%         N/A       17%         2
 Poisonous Vapours        Pois/Air       10%        N/A       17%         2
 Frozen Ramparts          Ice            10%        1d3       34%         3
 Stone Arrow              Conj/Erth      10%        3d7       34%         3
 Hailstorm                Conj/Ice       5%         3d4       75%         4


Dungeon Overview and Level Annotations

Branches:
Dungeon (8/15)             Temple (1/1) D:4
   Lair: D:8-11

Altars:
Ashenzari
Cheibriados
Dithmenos
Elyvilon
Fedhas
Gozag
Hepliaklqana
Kikubaaqudgha
Makhleb
Nemelex Xobeh
Okawaru
Qazlal
Ru
Sif Muna
Trog
Uskayaw
Vehumet
Wu Jian
Xom
Yredelemnul
Zin
The Shining One
Lugonu

Shops:
D:1 (   D:2 *

Portals:
Abyss: D:3

Annotations:
D:7 2 runed translucent doors, qborf's ghost, novice SpAK
D:8 Gastronok


Innate Abilities, Weirdness & Mutations

You are very small and have problems with some larger weapons.
You are too small for most types of armour.
You have supernaturally acute eyesight. (SInv)
You cover ground extremely quickly. (Speed+++)


Message History

Gastronok waves his eye-stalks in wide circles.
The air twists around and strikes you!!
Ouch! That really hurt!
You are too injured to fight recklessly!
Gastronok is nearby!
You are too injured to fight recklessly!
You are too injured to fight recklessly!
Gastronok is nearby!
Gastronok is nearby!
You are too injured to fight recklessly!
You are too injured to fight recklessly!
You are too injured to fight recklessly!
You are too injured to fight recklessly!
You puncture Gastronok!
Gastronok is severely wounded.
You hit Gastronok but do no damage.
Gastronok is severely wounded.
You hit Gastronok.
Gastronok looks as sick as possible!
Gastronok is severely wounded.
Gastronok chants a spell, wobbling all the while.
Gastronok puts on a burst of speed!
Casting: Confusing Touch (safe; 1% risk of failure)
Confirm with . or Enter, or press ? or * to list all spells.
Aiming: Ensorcelled Hibernation (safe; 3% risk of failure)
Press: ? - help, Shift-Dir - straight line, f - Gastronok
Aim: Gastronok, wearing a +1 hat of see invisible (severely wounded, covering ground quickly, extremely poisoned, umbra, chance to affect: 8%)
You miscast Ensorcelled Hibernation.
You are very lightly contaminated with residual magic.
Nothing appears to happen.
You hit Gastronok.
Gastronok looks as sick as possible!
Gastronok is severely wounded.
Casting: Ensorcelled Hibernation (safe; 3% risk of failure)
Confirm with . or Enter, or press ? or * to list all spells.
Your hands begin to glow red.
Gastronok waves his eye-stalks in wide circles.
The air twists around and strikes you!!
* * * LOW HITPOINT WARNING * * *
You feel much better. Gastronok bites you!!
Ouch! That really hurt!
You die...

### ## #### #w# ##.#####
#..####@#####...#..##
###.........##....#<..####
##.......##..##....#.....#.
#.......## #........#.<....
##.....## #.....#..##...#.
##....#### #....#..###..##
#........# ##......#.....#.
##..###..###.....###...##..
#..# ##.##.......##..####.


You could see Gastronok (swift, extremely poisoned).

Vanquished Creatures
  A two-headed ogre (D:4)
  Joseph (D:7)
  A hornet (D:7)
  A steam dragon (D:6)
  Menkaure (D:7)
  3 water moccasins
  A sky beast (D:6)
  2 orc warriors (D:8)
  An ogre (D:5)
  2 centaurs
  A phantom (D:7)
  2 bullfrogs (D:7)
  4 wights (D:7)
  3 howler monkeys
  An electric eel (D:6)
  Crazy Yiuf (D:6)
  7 hounds
  A gnoll shaman (D:6)
  3 orc priests
  A jelly (D:5)
  7 orc wizards
  4 iguanas
  4 gnolls
  5 adders
  A shadow imp (D:6)
  2 white imps
  2 worms
  10 dart slugs
  31 orcs
  7 endoplasms
  4 giant cockroaches
  15 goblins
  5 hobgoblins
  4 quokkas
  7 ball pythons
  3 bats
  A frilled lizard (D:1)
  8 kobolds
  3 rats (D:3)
161 creatures vanquished.

Vanquished Creatures (others)
  An orc (D:8)
  A plant (D:1)
2 creatures vanquished.

Grand Total: 163 creatures vanquished

Notes
Turn   | Place    | Note
-------+----------+-------------------------------------------
     0 | D:1      | kae the Spriggan Enchanter began the quest for the Orb.
     0 | D:1      | Reached XP level 1. HP: 9/9 MP: 5/5
   188 | D:1      | Found Leash's Weapon Shoppe.
   260 | D:1      | Reached XP level 2. HP: 13/13 MP: 6/6
   373 | D:1      | Learned a level 2 spell: Ensorcelled Hibernation
  1044 | D:2      | Found Uweitri's General Store.
  1047 | D:2      | Bought a scroll of identify for 28 gold pieces
  1239 | D:2      | Found a faded altar of an unknown god.
  1246 | D:2      | Reached XP level 3. HP: 17/17 MP: 8/8
  1266 | D:2      | Got Plato's Volume of Venomous Transmigration
  2034 | D:3      | Reached skill level 5 in Stealth
  2034 | D:3      | Reached XP level 4. HP: 20/21 MP: 4/9
  2168 | D:3      | Reached skill level 1 in Fighting
  2360 | D:3      | Reached XP level 5. HP: 20/25 MP: 3/11
  2732 | D:3      | Learned a level 3 spell: Confusing Touch
  2736 | D:3      | Learned a level 3 spell: Tukima's Dance
  2890 | D:3      | Found a one-way gate to the infinite horrors of the Abyss.
  3028 | D:3      | Found a large runed translucent door.
  3029 | D:3      | Found a large runed translucent door.
  3203 | D:3      | Found a corrupted altar of Lugonu.
  3606 | D:4      | Noticed a two-headed ogre
  3614 | D:4      | Reached XP level 6. HP: 24/30 MP: 12/12
  3641 | D:4      | Killed a two-headed ogre
  3642 | D:4      | Reached skill level 5 in Short Blades
  3642 | D:4      | Reached skill level 5 in Dodging
  3642 | D:4      | Reached skill level 6 in Stealth
  3642 | D:4      | Reached skill level 5 in Hexes
  3642 | D:4      | Reached XP level 7. HP: 27/35 MP: 9/14
  3963 | D:4      | Found a staircase to the Ecumenical Temple.
  3970 | Temple   | Entered the Ecumenical Temple
  4176 | Temple   | Became a worshipper of Dithmenos the Shadowed
  4394 | D:4      | Reached XP level 8. HP: 39/39 MP: 16/16
  4749 | D:5      | Entered Level 5 of the Dungeon
  4769 | D:5      | Reached skill level 7 in Stealth
  4989 | D:5      | Reached skill level 5 in Spellcasting
  5263 | D:5      | Reached skill level 1 in Invocations
  5268 | D:5      | Reached * piety under Dithmenos
  6668 | D:6      | Reached XP level 9. HP: 44/44 MP: 18/18
  6673 | D:6      | Reached ** piety under Dithmenos
  6704 | D:6      | Reached skill level 8 in Stealth
  7056 | D:6      | Found a runed translucent door.
  7057 | D:6      | Noticed Crazy Yiuf
  7257 | D:6      | Found a basalt altar of Yredelemnul.
  7718 | D:6      | Killed Crazy Yiuf
  8071 | D:7      | Noticed Joseph
  8078 | D:7      | Killed Joseph
  8271 | D:7      | Noticed Menkaure
  8283 | D:7      | Killed Menkaure
  8284 | D:7      | Reached skill level 9 in Stealth
  8525 | D:7      | Found a large runed translucent door.
  8525 | D:7      | Found a large runed translucent door.
  8527 | D:7      | Noticed qborf's ghost (novice SpAK)
  9224 | D:8      | Noticed Gastronok
  9233 | D:8      | HP: 1/45 [Gastronok/the air (20)]
  9235 | D:8      | Slain by Gastronok

Illustrated notes

Levels and vault maps discovered:
D:1:      wander_arrival_chamber, layout_loops_ring, serial_shops,
          nicolae_shop_bloodbath_and_beyond, serial_bayou_lagoon_b
D:2:      layout_loops_ring, serial_shops, shop,
          shapermc_ecumenical_altar_rom_forum
D:3:      due_chaos_kobolds, layout_rooms
D:4:      layout_basic, minmay_temple_entry_mini_moons, minmay_fractal_squares_5
D:5:      layout_basic, minmay_ogre_servants
D:6:      kennysheep_slugbush, layout_basic, kennysheep_mini,
          uniq_crazy_yiuf_cottage
D:7:      layout_basic, ebering_ghost_disaster_area, minmay_misc_feat_columns,
          uniq_menkaure, uniq_joseph
D:8:      layout_cave_pools, uniq_grum, uniq_erica, uniq_gastronok
Temple:   mainiacjoe_temple_archimedes_tessellation

Skill      XL: |  1  2  3  4  5  6  7  8  9 |
---------------+----------------------------+-----
Short Blades   | 2 3 5 6 8 |  8.2
Dodging        | 3 5 6 7 |  7.2
Spellcasting   | 3 4 5 6 |  6.5
Stealth        | 5 6 7 9 |  9.2
Hexes          | 4 5 6 7 |  7.2
Fighting       | 1 2 3 4 |  4.0
Invocations    | 2 3 |  3.6

Action                   |  1- 3 |  4- 6 |  7- 9 || total
-------------------------+-------+-------+-------++-------
Melee: Dagger            |    83 |    60 |   350 ||   493
       Punch             |     1 |       |     6 ||     7
 Cast: Ensorcelled Hiber |     7 |    10 |    19 ||    36
       Confusing Touch   |       |       |     4 ||     4
Evoke: Wand              |       |     1 |       ||     1
  Use: Scroll            |     4 |     2 |     6 ||    12
       Potion            |       |       |     1 ||     1
 Stab: Sleeping          |    16 |    11 |    19 ||    46
       Confused          |       |       |     3 ||     3
       Distracted        |       |       |     1 ||     1
Armor: Robe              |     6 |     4 |     8 ||    18
       Steam dragon scal |       |       |    20 ||    20
Dodge: Dodged            |    44 |    42 |   259 ||   345

Table legend: (Time is in decaauts)
 A = Elapsed time spent in this place.
 B = Non-inter-level travel time spent in this place.
 C = Inter-level travel time spent in this place.
 D = Time resting spent in this place.
 E = Time spent auto-exploring this place.
 F = Levels seen in this place.
 G = Mean time per level.
                   A        B        C        D        E       F      G
               +--------+--------+--------+--------+--------+-----+--------+
         Total |   6848 |   6655 |    193 |   1133 |   4501 |   9 |  760.9 |
       Dungeon |   6704 |   6533 |    171 |   1133 |   4394 |   8 |  838.0 |
        Temple |    143 |    121 |     22 |      0 |    106 |   1 |  143.0 |
               +--------+--------+--------+--------+--------+-----+--------+

Top non-repeatable levels by time:
     D:3: 1362 daAuts
     D:6: 1153 daAuts
     D:5: 1016 daAuts
     D:7: 788 daAuts
     D:1: 778 daAuts
     D:2: 687 daAuts
     D:4: 627 daAuts
     D:8: 290 daAuts
  Temple: 143 daAuts
